 Dungeon Crawl Stone Soup version 0.26-a0-778-g3fe0686644 (console) character file.

Game seed: 5266551951784165522

5874 om the Cleaver (level 10, -4/81 HPs)
             Began as a Minotaur Fighter on Nov 10, 2020.
             Was a High Priest of Cheibriados.
             Slain by an orc knight
             ... wielding a +0 glaive
              (14 damage)
             ... in a bailey.
             The game lasted 00:13:52 (5939 turns).

om the Cleaver (Minotaur Fighter)                   Turns: 5939, Time: 00:13:52

Health: -4/81      AC: 17    Str: 39    XL:     10   Next: 52%
Magic:  10/15      EV: 12    Int: 18    God:    Cheibriados [*****.]
Gold:   154        SH: 13    Dex: 23    Spells: 9/9 levels left

rFire    + . .     SeeInvis .   a - +2 broad axe (freeze)
rCold    . . .     Faith    .   c - +0 kite shield
rNeg     . . .     Spirit   .   y - +1 chain mail {rF+}
rPois    .         Reflect  .   A - +1 hat {MR+}
rElec    +         Harm     .   m - +0 cloak
rCorr    .         Rampage  .   j - +3 pair of gloves of Subjectivity {-Tele rElec Str+2 Stlth+}
MR       +....     NoTele   +   (no boots)
Stlth    ..........             (no amulet)
HPRegen  0.23/turn              (no ring)
MPRegen  0.14/turn              (no ring)

@: very slow
A: retaliatory headbutt, horns 2
a: Bend Time, Temporal Distortion, Slouch, Step From Time, Renounce Religion


You were in a bailey.
You worshipped Cheibriados.
Cheibriados was extremely pleased with you.
You visited 1 branch of the dungeon, and saw 8 of its levels.
You also visited: Bailey.

You collected 350 gold pieces.
You spent 196 gold pieces at shops.

Inventory:

Hand Weapons
 a - a +2 broad axe of freezing (weapon)
 b - a +2 hunting sling of flaming
 f - a +0 spear
 B - a +0 war axe
Missiles
 o - 252 stones (quivered)
 v - 38 sling bullets
Armour
 c - a +0 kite shield (worn)
 j - the +3 pair of gloves of Subjectivity (worn) {-Tele rElec Str+2 Stlth+}
   (You found it on level 5 of the Dungeon)

   It affects your strength (+2).
   It insulates you from electricity.
   It prevents most forms of teleportation.
   It makes you more stealthy.
 m - a +0 cloak (worn)
 y - a +1 chain mail of fire resistance (worn)
 A - a +1 hat of magic resistance (worn)
Scrolls
 e - 5 scrolls of identify
 h - 2 scrolls of vulnerability {unknown}
 i - 5 scrolls of remove curse
 k - 6 scrolls of teleportation
 r - 3 scrolls of amnesia
 t - 2 scrolls of fog {unknown}
 u - a scroll of enchant weapon {unknown}
 w - 2 scrolls of random uselessness {unknown}
 x - 5 scrolls of enchant armour {unknown}
Potions
 d - 2 potions of might
 g - a potion of lignification
 l - a potion of berserk rage {unknown}
 n - 2 potions of flight
 q - 2 potions of haste {unknown}
 s - 2 potions of invisibility {unknown}
 z - 5 potions of curing {unknown}
 C - a potion of degeneration {unknown}
 E - a potion of experience {unknown}


   Skills:
 + Level 5.0 Fighting
 - Level 10.0 Axes
 - Level 6.0 Slings
 + Level 6.0 Armour
 + Level 6.0 Dodging
 + Level 6.0 Shields
 * Level 9.1 Invocations


You had 9 spell levels left.
You didn't know any spells.
Your spell library contained the following spells:

 Spells                   Type           Power        Failure   Level
 Sting                    Tmut/Pois      #...         93%         1
 Poisonous Vapours        Pois/Air       #.....       98%         2
 Ignite Poison            Fire/Tmut/Pois #.......     100%        3
 Mephitic Cloud           Conj/Pois/Air  #.......     100%        3
 Olgreb's Toxic Radiance  Pois           #.......     100%        4


Dungeon Overview and Level Annotations

Branches:
Dungeon (9/15)               Lair (0/6) D:9          Bailey (1/1)
 Temple: D:4-7          Orc: D:9-12

Altars:
Cheibriados
Dithmenos
Gozag
Hepliaklqana
Nemelex Xobeh
Okawaru
Qazlal
Ru
Wu Jian
Yredelemnul
The Shining One

Shops:
D:5 (   D:9 (


Innate Abilities, Weirdness & Mutations

You reflexively headbutt those who attack you in melee.
You have a pair of horns on your head.


Message History

The now-empty wand crumbles to dust.
You block the orc knight's attack.
You aren't carrying any items that you can evoke without wielding.
Okay, then.
You cannot move.
The orc knight hits you but does no damage.
You feel less wooden.
Your +0 cloak unmelds from your body.
Your +1 hat of magic resistance unmelds from your body.
The +3 pair of gloves of Subjectivity {-Tele rElec Str+2 Stlth+} unmelds from your body.
Your +1 chain mail of fire resistance unmelds from your body.
You feel resistant to hostile enchantments.
You feel resistant to fire.
The orc knight hits you from afar with a +0 glaive.
* * * LOW HITPOINT WARNING * * *
There is an open gate, spattered with blood here.
Okay, then.
You can feel time thicken for a moment.
Cheibriados lowers the support of your attributes as your movement quickens.
The orc knight hits you from afar with a +0 glaive!
You die...

### ####### ##### ..##
##.....#########....o
...######.......#.....#.....o
...#....#)).....'.....'......
...'....))).....@.o...'......
...#...)#))..)..))....'.....o
...######....)).#.....#......
..## ##.....#########.....
### ####### #####


You could see an orc knight.

Vanquished Creatures
  Gastronok (D:9)
  A two-headed ogre (D:8)
  Pikel (D:9)
  An orc knight (Bailey)
  A troll (D:9)
  Edmund (D:4)
  5 orc warriors
  A sky beast (D:9)
  2 ice beasts (D:9)
  A phantom (D:9)
  4 ogres
  A centaur (D:9)
  A big kobold (D:9)
  2 scorpions (D:5)
  3 wights (D:9)
  5 killer bees (D:9)
  A hound (D:8)
  A jelly (D:5)
  An orc priest (D:5)
  4 orc wizards
  Jessica (D:2)
  A bullfrog skeleton (D:5)
  Ijyb (D:3)
  An iguana (D:4)
  2 worker ants
  Terence (D:2)
  A hound skeleton (D:2)
  11 gnolls
  2 adders
  3 shadow imps
  An ufetubus (D:9)
  An ooze (D:1)
  An adder skeleton (D:4)
  4 worms
  5 dart slugs
  7 leopard geckos
  60 orcs
  4 giant cockroaches
  12 goblins
  5 hobgoblins
  26 jackals
  14 kobolds
  A quokka (D:4)
  3 ball pythons
  14 bats
  7 frilled lizards
  A leopard gecko skeleton (D:4)
  A quokka skeleton (D:4)
  7 rats
236 creatures vanquished.

Vanquished Creatures (others)
  4 fungi (D:9)
  4 plants (D:9)
8 creatures vanquished.

Grand Total: 244 creatures vanquished

Notes
Turn   | Place    | Note
-------+----------+-------------------------------------------
     0 | D:1      | om the Minotaur Fighter began the quest for the Orb.
     0 | D:1      | Reached XP level 1. HP: 19/19 MP: 0/0
   249 | D:1      | Reached skill level 1 in Dodging
   249 | D:1      | Reached XP level 2. HP: 20/27 MP: 1/1
   564 | D:1      | Reached XP level 3. HP: 30/33 MP: 2/2
  1003 | D:2      | Noticed Terence
  1012 | D:2      | Killed Terence
  1012 | D:2      | Reached XP level 4. HP: 33/41 MP: 3/3
  1264 | D:2      | Found a snail-covered altar of Cheibriados.
  1515 | D:2      | Became a worshipper of Cheibriados the Contemplative
  1569 | D:2      | Noticed Jessica
  1574 | D:2      | Killed Jessica
  1748 | D:2      | Found an ornate altar of the Wu Jian Council.
  1823 | D:2      | Reached XP level 5. HP: 46/47 MP: 4/4
  2208 | D:3      | Reached skill level 1 in Invocations
  2214 | D:3      | Reached skill level 5 in Fighting
  2258 | D:3      | Found a glowing golden altar of the Shining One.
  2268 | D:3      | Noticed Ijyb
  2288 | D:3      | Killed Ijyb
  2289 | D:3      | Reached * piety under Cheibriados
  2289 | D:3      | Reached skill level 1 in Slings
  2479 | D:3      | Found a sparkling altar of Nemelex Xobeh.
  2480 | D:3      | Found a basalt altar of Yredelemnul.
  2501 | D:3      | Reached ** piety under Cheibriados
  2725 | D:3      | Reached XP level 6. HP: 56/56 MP: 6/6
  2801 | D:3      | Found an opulent altar of Gozag.
  3090 | D:4      | Noticed Edmund
  3104 | D:4      | Killed Edmund
  3320 | D:4      | Reached *** piety under Cheibriados
  3368 | D:4      | Reached XP level 7. HP: 61/61 MP: 6/8
  3375 | D:4      | Reached skill level 5 in Shields
  3378 | D:4      | Reached skill level 5 in Armour
  3758 | D:4      | Found a stormy altar of Qazlal.
  3896 | D:5      | Entered Level 5 of the Dungeon
  3946 | D:5      | Found Qeluc's Antique Weapon Emporium.
  4211 | D:5      | Reached **** piety under Cheibriados
  4217 | D:5      | Reached skill level 3 in Axes
  4224 | D:5      | Reached XP level 8. HP: 53/68 MP: 9/9
  4404 | D:5      | Reached skill level 5 in Dodging
  4476 | D:5      | Got a pair of crude gloves
  4477 | D:5      | Identified the +3 pair of gloves of Subjectivity {-Tele
                  | rElec Str+2 Stlth+} (You found it on level 5 of the
                  | Dungeon)
  4647 | D:6      | You fall into a shaft and drop 3 floors!
  4688 | D:9      | Found Ubleshra's Antique Weapon Shoppe.
  4692 | D:9      | Noticed Gastronok
  4706 | D:9      | Killed Gastronok
  4706 | D:9      | Reached skill level 6 in Axes
  4706 | D:9      | Reached XP level 9. HP: 26/74 MP: 10/12
  4778 | D:9      | Bought a runed broad axe for 196 gold pieces
  4927 | D:9      | Reached skill level 7 in Axes
  4974 | D:9      | Found a hazy altar of Hepliaklqana.
  4977 | D:9      | Found a shadowy altar of Dithmenos.
  4978 | D:9      | Found an iron altar of Okawaru.
  4998 | D:9      | Noticed Pikel
  5003 | D:9      | Killed Pikel
  5030 | D:9      | Reached skill level 8 in Axes
  5085 | D:9      | Reached ***** piety under Cheibriados
  5085 | D:9      | Reached XP level 10. HP: 81/81 MP: 14/14
  5136 | D:9      | Found a sacrificial altar of Ru.
  5159 | D:9      | Reached skill level 9 in Axes
  5198 | D:9      | Found a staircase to the Lair.
  5259 | D:8      | Noticed a two-headed ogre
  5268 | D:8      | Killed a two-headed ogre
  5337 | D:8      | Found a flagged portal.
  5354 | Bailey   | Entered a bailey
  5845 | Bailey   | Noticed an orc knight
  5856 | Bailey   | Killed an orc knight
  5856 | Bailey   | Reached skill level 10 in Axes
  5916 | Bailey   | Noticed an orc knight
  5939 | Bailey   | Slain by an orc knight

Illustrated notes

Levels and vault maps discovered:
D:1:      dpeg_arrival_more_subterranean_lakeside_camping, layout_basic
D:2:      minmay_chambers_of_ones, layout_loops_cross, lemuel_round_altar,
          nicolae_overflow_crystal_walls, grunt_ministairs_15, uniq_terence,
          uniq_jessica
D:3:      layout_loops_ring, grunt_gozag_breadcrumbs,
          chequers_temple_overflow_statue_of_worship, grunt_ministairs_12,
          st_stairs_7, tso_metal_star, uniq_ijyb
D:4:      layout_cave_pools, kennysheep_mini_moat, uniq_edmund
D:5:      layout_loops_ring, serial_shops, nicolae_shop_statue_plus,
          minmay_misc_feat_enclosed, kennysheep_generic_room_3
D:6:      layout_basic, lemuel_coloured_pillars_altar
D:8:      layout_basic, lemuel_round_altar, lightli_bailey_entry_fortress
D:9:      layout_basic, nicolae_ru_awakened_eye, grunt_temple_overflow_open,
          old_standard_altar, dpeg_oklobed_lair, serial_shops, shop,
          uniq_gastronok, uniq_pikel
Bailey:   bailey_polearm_5, bailey

Skill      XL: |  1  2  3  4  5  6  7  8  9 10 |
---------------+-------------------------------+-----
Dodging        | 1 2 3 4 6 |  6.0
Fighting       | 4 5 |  5.0
Shields        | 4 5 6 |  6.0
Armour         | 4 5 6 |  6.0
Invocations    | 1 2 3 6 7 9 |  9.1
Slings         | 1 2 3 6 |  6.0
Axes           | 3 6 8 10 | 10.0

Action                   |  1- 3 |  4- 6 |  7- 9 | 10-12 || total
-------------------------+-------+-------+-------+-------++-------
Melee: War axe           |    97 |   167 |    26 |       ||   290
       Headbutt          |     6 |    35 |    21 |    20 ||    82
       Broad axe         |       |       |    26 |    84 ||   110
 Fire: Hunting sling     |       |    18 |    87 |     4 ||   109
Invok: Slouch            |       |       |       |     1 ||     1
Evoke: Wand              |       |       |       |    15 ||    15
  Use: Scroll            |       |     8 |     1 |     1 ||    10
       Potion            |       |       |     1 |     4 ||     5
Armor: Scale mail        |    56 |    52 |     5 |       ||   113
       Chain mail        |       |       |    23 |    64 ||    87
       Skin              |       |       |       |    14 ||    14
Dodge: Dodged            |    37 |    67 |    30 |   124 ||   258
Block: Kite shield       |    66 |    98 |    72 |   182 ||   418

Table legend: (Time is in decaauts)
 A = Elapsed time spent in this place.
 B = Non-inter-level travel time spent in this place.
 C = Inter-level travel time spent in this place.
 D = Time resting spent in this place.
 E = Time spent auto-exploring this place.
 F = Levels seen in this place.
 G = Mean time per level.
                   A        B        C        D        E       F      G
               +--------+--------+--------+--------+--------+-----+--------+
         Total |   7605 |   7215 |    390 |    786 |   4745 |   9 |  845.0 |
       Dungeon |   6905 |   6515 |    390 |    532 |   4526 |   8 |  863.1 |
        Bailey |    699 |    699 |      0 |    254 |    218 |   1 |  699.0 |
               +--------+--------+--------+--------+--------+-----+--------+

Top non-repeatable levels by time:
     D:3: 1327 daAuts
     D:2: 1313 daAuts
     D:4: 1170 daAuts
     D:5: 1056 daAuts
     D:1: 948 daAuts
     D:9: 783 daAuts
  Bailey: 699 daAuts
     D:8: 226 daAuts
     D:6: 80 daAuts
